Map: 데이터-C

Players

DRG - Winner!

  • Race: Zerg Zerg
  • Spawn Location: 3:00

MaNa

  • Race: Protoss Protoss
  • Spawn Location: 9:00

Event: DreamHack SC2 Masters 2022 Atlanta (Offline)

VOD

Have the link to the VOD?

Description

Time

  • Played on: Nov. 18, 2022, 6:34 p.m.
  • Length: 13:29

All games in this series

Show
View Real Time Build Order
Export as new Build Order

DRG Zerg - Winner!

Build Orders: Hatch First 

Get SALT Encoding   

  12  0:00  Drone  
  13  0:12  Overlord  
  13  0:17  Drone  
  14  0:30  Drone x2  
  14  0:33  Drone  
  17  0:51  Hatchery  
  17  0:55  Drone  
  17  0:58  Drone  
  18  1:09  Extractor  
  17  1:13  Spawning Pool  
  17  1:16  Drone  
  17  1:21  Drone  
  18  1:27  Drone  
  19  1:38  Drone  
  20  1:49  Drone  
  21  1:59  Overlord  
  21  2:03  Queen x2  
  21  2:04  Zergling x2  
  26  2:11  Zergling x2  
  26  2:13  Metabolic Boost  
  26  2:15  Zergling x2  
  28  2:21  Drone  
  29  2:26  Drone  
  30  2:31  Drone  
  30  2:36  Drone  
  32  2:41  Hatchery  
  31  2:46  Queen  
  31  2:51  Overlord  
  33  2:56  Drone  
  33  2:57  Drone  
  35  3:00  Overlord  
  35  3:09  Queen, Drone  
  38  3:13  Drone  
  38  3:14  Drone  
  38  3:18  Drone  
  41  3:20  Drone x2  
  43  3:28  Queen  
  43  3:31  Overlord  
  43  3:33  Drone  
  46  3:35  Drone  
  46  3:40  Overlord  
  47  3:41  Drone  
  49  3:48  Drone x2  
  49  3:49  Drone  
  49  3:51  Overlord  
  49  3:54  Drone  
  52  3:57  Drone x2  
  52  3:58  Drone x2  
  52  4:02  Spore Crawler  
  55  4:05  Drone x2  
  55  4:08  Drone  
  58  4:15  Spore Crawler, Overlord  
  57  4:17  Drone  
  57  4:19  Zergling x4  
  57  4:20  Drone x2  
  57  4:22  Evolution Chamber  
  61  4:26  Drone  
  61  4:28  Drone  
  61  4:30  Drone  
  64  4:35  Overlord  
  64  4:37  Drone x3  
  67  4:39  Drone  
  67  4:41  Drone  
  69  4:46  Drone  
  69  4:48  Spore Crawler  
  69  4:49  Zerg Melee Weapons Level 1  
  69  4:50  Overlord  
  69  4:51  Drone x3  
  72  4:55  Drone x4  
  76  5:02  Drone x2  
  76  5:04  Extractor  
  76  5:06  Baneling Nest, Overlord  
  76  5:09  Queen  
  76  5:12  Lair  
  76  5:13  Drone x3, Extractor  
  80  5:17  Queen  
  80  5:18  Zergling x4  
  84  5:25  Hatchery  
  83  5:32  Overlord  
  83  5:37  Drone x2  
  83  5:39  Zergling x14  
  83  5:40  Extractor  
  91  5:47  Zergling x10  
  95  5:51  Drone  
  95  5:52  Queen  
  95  5:54  Queen  
  98  5:57  Overlord  
  98  5:58  Zergling x2  
  98  6:04  Baneling x6  
  99  6:05  Zergling x12  
  105  6:11  Centrifugal Hooks  
  105  6:14  Drone  
  105  6:15  Overlord x2  
  105  6:16  Extractor  
  105  6:17  Overlord  
  105  6:19  Overlord  
  105  6:21  Drone x2  
  105  6:23  Drone  
  107  6:29  Zergling x4  
  107  6:32  Queen x2  
  109  6:36  Evolution Chamber  
  109  6:39  Drone x6  
  113  6:41  Drone  
  113  6:45  Drone x2  
  116  6:49  Drone x6  
  116  6:52  Zerg Melee Weapons Level 2  
  121  6:55  Extractor  
  121  6:59  Overlord  
  121  7:01  Drone x5  
  123  7:03  Zergling x2  
  123  7:04  Zergling x4  
  119  7:19  Zergling x14  
  119  7:22  Queen x2  
  127  7:27  Zergling x14  
  127  7:29  Zerg Ground Armor Level 1  
  131  7:30  Queen  
  131  7:33  Spore Crawler  
  131  7:34  Zergling x10, Extractor  
  132  7:40  Spire  
  132  7:43  Drone x3  
  133  7:44  Extractor  
  133  7:45  Drone x2  
  133  7:46  Drone  
  133  7:49  Zergling x6  
  138  7:52  Overlord  
  138  7:57  Baneling, Overlord  
  138  7:58  Baneling x5  
  137  7:59  Overlord x2  
  130  8:14  Overlord x2  
  130  8:19  Overlord x3  
  130  8:23  Drone  
  130  8:24  Infestation Pit, Hatchery  
  129  8:54  Zerg Flyer Armor Level 1  
  129  9:02  Hive  
  126  9:13  Corruptor x12  
  126  9:14  Corruptor x4  
  158  9:23  Zerg Ground Armor Level 2  
  158  9:25  Zergling x2  
  158  9:26  Zergling x18  
  168  9:34  Corruptor x6  
  180  9:45  Corruptor  
  180  9:46  Corruptor  
  184  10:03  Zergling x28  
  198  10:11  Baneling x10  
  198  10:15  Adrenal Glands  
  198  10:17  Ultralisk Cavern  
  196  10:24  Zerg Melee Weapons Level 3  
  178  10:50  Zerg Flyer Armor Level 2  
  178  10:57  Hatchery  
  176  11:14  Ultralisk x2  
  176  11:15  Ultralisk x2  
  196  11:18  Hatchery  
  196  11:24  Chitinous Plating  
  183  11:31  Zergling x18  
  183  11:32  Zergling x16  
  185  11:57  Ultralisk x2  
  185  12:00  Zergling x10  
  185  12:01  Zergling x8  
  171  12:04  Zergling x18  
  171  12:12  Ultralisk x2  
  171  12:14  Zergling x20  
  189  12:17  Queen  
  189  12:24  Drone x10  
  199  12:39  Baneling x8  
  199  12:42  Anabolic Synthesis  
  199  13:02  Zergling x2  
Show
View Real Time Build Order
Export as new Build Order

MaNa Protoss 

Build Orders: 1 Gate Expand, Oracle Opening, Carriers 

Get SALT Encoding   

  12  0:00  Probe  
  13  0:12  Probe  
  14  0:19  Pylon  
  14  0:24  Probe  
  15  0:37  Probe (Chrono Boost)  
  15  0:40  Gateway  
  16  0:47  Probe (Chrono Boost)  
  17  0:50  Assimilator  
  17  0:52  Probe (Chrono Boost)  
  18  1:04  Probe (Chrono Boost)  
  19  1:12  Probe (Chrono Boost)  
  19  1:18  Probe  
  21  1:30  Nexus  
  21  1:43  Cybernetics Core  
  21  1:44  Probe  
  22  1:49  Assimilator  
  22  1:55  Pylon  
  22  1:58  Probe  
  23  2:13  Probe  
  24  2:17  Adept (Chrono Boost)  
  24  2:19  Stargate  
  26  2:25  Probe  
  26  2:29  Warp Gate  
  27  2:38  Probe  
  27  2:39  Adept  
  27  2:42  Probe  
  31  2:50  Probe  
  32  2:54  Probe  
  33  3:02  Probe  
  38  3:06  Probe  
  38  3:07  Void Ray (Chrono Boost)  
  38  3:10  Pylon  
  39  3:14  Probe  
  40  3:20  Gateway  
  40  3:24  Probe  
  41  3:27  Probe  
  42  3:36  Probe  
  42  3:37  Oracle  
  42  3:39  Probe  
  47  3:48  Probe  
  48  3:49  Pylon  
  48  3:51  Probe, Assimilator  
  49  4:00  Probe  
  50  4:05  Nexus  
  50  4:08  Pylon  
  50  4:10  Probe  
  50  4:12  Probe  
  52  4:24  Assimilator  
  53  4:28  Fleet Beacon  
  53  4:30  Stargate  
  52  4:32  Probe  
  52  4:33  Probe  
  54  4:39  Shield Battery  
  54  4:44  Probe  
  54  4:45  Probe  
  56  4:48  Pylon  
  56  4:56  Probe  
  56  4:57  Probe  
  58  5:08  Probe  
  58  5:11  Probe  
  60  5:17  Carrier x2 (Chrono Boost)  
  60  5:21  Probe (Chrono Boost)  
  73  5:23  Probe (Chrono Boost)  
  73  5:24  Probe (Chrono Boost)  
  75  5:33  Adept, Probe (Chrono Boost)  
  80  5:35  Probe (Chrono Boost)  
  80  5:36  Probe (Chrono Boost)  
  80  5:39  Protoss Air Weapons Level 1 (Chrono Boost)  
  80  5:40  Probe (Chrono Boost)  
  80  5:41  Probe x2 (Chrono Boost)  
  83  5:46  Pylon  
  83  5:47  Probe  
  83  5:49  Probe  
  85  5:52  Probe  
  84  5:59  Probe  
  84  6:01  Probe  
  84  6:03  Assimilator  
  86  6:06  Assimilator  
  86  6:11  Carrier (Chrono Boost)  
  92  6:15  Shield Battery  
  92  6:17  Probe  
  92  6:18  Probe x2  
  101  6:19  Carrier (Chrono Boost)  
  101  6:30  Shield Battery  
  101  6:34  Shield Battery  
  101  6:42  Nexus, Gateway  
  101  6:43  Pylon  
  101  6:46  Probe  
  101  6:53  Pylon  
  101  6:56  Pylon  
  101  7:04  Probe x2  
  101  7:05  Carrier (Chrono Boost)  
  109  7:08  Pylon  
  109  7:11  Probe, Pylon  
  110  7:22  Carrier (Chrono Boost)  
  109  7:27  Probe x2  
  117  7:30  Twilight Council  
  117  7:32  Gateway  
  117  7:33  Gateway  
  117  7:36  Forge  
  117  7:41  Probe  
  117  7:42  Gateway  
  117  7:43  Nexus  
  118  7:44  Gateway  
  118  7:49  Protoss Air Weapons Level 2 (Chrono Boost)  
  118  7:51  Pylon  
  118  7:55  Gateway  
  118  7:58  Gateway  
  118  7:59  Charge, Probe x2  
  118  8:00  Probe  
  118  8:04  Forge  
  121  8:05  Protoss Ground Weapons Level 1 (Chrono Boost)  
  121  8:09  Templar Archives  
  121  8:14  Photon Cannon  
  121  8:16  Shield Battery  
  121  8:22  Gateway  
  121  8:24  Shield Battery, Gateway  
  121  8:28  Photon Cannon  
  121  8:31  Probe x2  
  123  8:40  Gateway  
  120  8:45  High Templar x7  
  134  8:48  Assimilator  
  134  8:49  Archon x3  
  134  8:50  Assimilator  
  134  8:51  High Templar  
  134  8:54  Gateway  
  136  8:56  Gateway  
  136  8:57  Archon  
  136  9:00  Robotics Facility  
  136  9:01  Probe  
  136  9:02  Probe  
  138  9:09  Probe x2  
  131  9:13  Probe  
  131  9:14  Probe  
  133  9:19  High Templar x2  
  133  9:21  Probe  
  133  9:24  Probe  
  139  9:25  Archon, Probe  
  140  9:34  High Templar  
  140  9:35  High Templar  
  140  9:36  Zealot x4  
  140  9:37  Zealot x2  
  156  9:39  Pylon  
  156  9:41  Pylon  
  156  9:42  Archon  
  156  9:44  Pylon  
  156  9:50  Pylon  
  156  9:51  Probe x2  
  156  9:52  Pylon  
  156  9:57  Observer  
  157  10:00  Probe x2, Protoss Air Weapons Level 3 (Chrono Boost)  
  157  10:03  Carrier (Chrono Boost)  
  165  10:08  Carrier (Chrono Boost)  
  165  10:13  Probe  
  172  10:16  Shield Battery  
  170  10:22  Observer  
  168  10:29  Probe  
  166  10:36  Observer  
  166  10:39  High Templar x2  
  170  10:43  Archon  
  170  10:44  High Templar x2  
  170  10:47  Photon Cannon  
  170  10:48  Photon Cannon  
  166  10:50  Archon, Photon Cannon  
  166  10:53  Zealot x10  
  185  11:14  High Templar x3  
  185  11:15  High Templar  
  185  11:16  Zealot x5  
  185  11:18  Archon  
  195  11:20  Archon, Warp Prism  
  185  11:29  Zealot x4  
  191  11:37  Zealot x2  
  193  11:56  Observer  
  168  12:01  Carrier  
  114  12:22  High Templar x5  
  112  12:23  High Templar  
  112  12:24  Nexus  
  112  12:26  Archon x3  
  112  12:27  Immortal, Pylon  
  114  12:31  High Templar x2  
  114  12:32  Zealot x6  
  130  12:38  Archon  
  127  13:04  Photon Cannon  
  117  13:05  Shield Battery  
  121  13:19  High Templar x4  
  125  13:20  Zealot x3  
  125  13:24  Archon x2  
Tags
 
Add a new tag
Caveats
  • Supply blocks, unpowered buildings, or Contaminate may cause inaccurate times.
  • Supply counts are checked every 10 seconds.